 Dungeon Crawl Stone Soup version 0.25-a0-292-gaa31f046c4 (webtiles) character file.

Game seed: 12740142364712526631, levelgen mode: deterministic

105 MoonlitKnight the Poker (level 4, -3/35 HPs)
             Began as a Merfolk Skald on Dec 15, 2019.
             Killed by nerve-wracking pain
             ... invoked by a shadow imp
             ... summoned by Natasha
              (14 damage)
             ... on level 2 of the Dungeon.
             The game lasted 00:03:58 (1631 turns).

MoonlitKnight the Poker (Merfolk Skald)             Turns: 1631, Time: 00:03:58

Health: -3/35      AC:  7    Str: 12    XL:     4   Next: 83%
Magic:  3/7        EV: 13    Int: 12    God:
Gold:   86         SH:  0    Dex: 13    Spells: 1/7 levels left

rFire    . . .     SeeInvis .   a - +0 spear
rCold    . . .     Gourm    .   (no shield)
rNeg     . . .     Faith    .   b - +0 leather armour
rPois    .         Spirit   .   p - +2 helmet
rElec    .         Reflect  .   (no cloak)
rCorr    .         Harm     .   (no gloves)
MR       .....                  m - +0 pair of boots
Stlth    +.........             (no amulet)
HPRegen  0.11/turn              (no ring)
MPRegen  0.10/turn              (no ring)

@: no status effects
A: change form in water, swift swim, stealthy swim
a: no special abilities


You were on level 2 of the Dungeon.
You were not hungry.

You visited 1 branch of the dungeon, and saw 2 of its levels.

You collected 86 gold pieces.

Inventory:

Hand Weapons
 a - a +0 spear (weapon)
 j - a +3 hunting sling
Missiles
 q - 4 poisoned darts (quivered)
Armour
 b - a +0 leather armour (worn)
 m - a +0 pair of boots (worn)
 p - a +2 helmet (worn)
Scrolls
 f - a scroll of fog {unknown}
 g - 2 scrolls of magic mapping {unknown}
 h - a scroll of enchant armour {unknown}
 l - a scroll of amnesia {unknown}
 n - 4 scrolls of identify {unknown}
Potions
 e - a potion of heal wounds {unknown}
 i - a potion of agility {unknown}
 k - a potion of berserk rage {unknown}
 o - a potion of degeneration {unknown}
Comestibles
 c - 3 chunks of flesh
 d - 2 rations


   Skills:
 + Level 3.2 Fighting
 * Level 5.4 Polearms
 - Level 0.6 Armour
 + Level 4.0 Dodging
 - Level 2.0 Spellcasting
 - Level 3.2 Charms


You had one spell level left.
You knew the following spells:

 Your Spells              Type           Power        Failure   Level  Hunger
a - Infusion              Chrm           #...         9%          1    ##.....
b - Shroud of Golubria    Chrm/Tloc      #.....       26%         2    ###....
c - Spectral Weapon       Hex/Chrm       #.......     47%         3    ####...

Your spell library contained the following spells:

 Spells                   Type           Power        Failure   Level  Hunger
 Song of Slaying          Chrm           #.......     14%         2    ###....
 Regeneration             Chrm/Necr      #.........   47%         3    ####...


Dungeon Overview and Level Annotations

Branches:
Dungeon (2/15)

Altars:

Annotations:
D:2 Natasha


Message History

* * * LOW HITPOINT WARNING * * *
The hobgoblin hits your spectral weapon but does no damage.
You see here a stone.
You see here a stone.
You swap places.
You see here a stone.
You swap places.
The shadow imp disappears in a puff of smoke!
The kobold hits your spectral weapon.
Your spectral weapon fades away.
Natasha extends her claws.
Natasha casts a spell.
There is an open door here.
There is a large open door here.
There is a large open door here.
Your magical contamination has completely faded away.
There is an open door here.
The shadow imp gestures at you. Pain shoots through your body!
You die...

.#.## #.# #.#.# .##.###.#
#.#.# .###.##.# #.#.# .#
##.#.# #.#.# .# ##..#
#(#.# .######.######.#.#
........)..>..(..#
#######.########.# # #.#
#@#
#######'########'########
##..........##..........#
##..........##5.....รท...#
##..........Kh..........#
##..........##..........#
#..........##..........#
#..........##..........#
######'######..........#


You could see Natasha and a shadow imp.

Vanquished Creatures
  A worker ant (D:2)
  Robin (D:2)
  A worm (D:2)
  2 dart slugs (D:1)
  A leopard gecko (D:1)
  14 goblins
  13 hobgoblins
  7 jackals
  6 kobolds
  3 bats (D:1)
  2 frilled lizards (D:1)
  4 rats
55 creatures vanquished.

Vanquished Creatures (others)
  A spectral weapon (D:2)
1 creature vanquished.

Grand Total: 56 creatures vanquished

Notes
Turn   | Place    | Note
-------+----------+-------------------------------------------
     0 | D:1      | MoonlitKnight the Merfolk Skald began the quest for the
                  | Orb.
     0 | D:1      | Reached XP level 1. HP: 16/16 MP: 3/3
   316 | D:1      | Reached XP level 2. HP: 23/23 MP: 1/5
   501 | D:1      | Reached skill level 4 in Polearms
   671 | D:1      | Reached XP level 3. HP: 28/28 MP: 6/6
  1072 | D:1      | Learned a level 2 spell: Shroud of Golubria
  1076 | D:1      | Learned a level 3 spell: Spectral Weapon
  1123 | D:2      | Noticed Natasha
  1255 | D:2      | Noticed Robin
  1262 | D:2      | Killed Robin
  1262 | D:2      | Reached XP level 4. HP: 34/34 MP: 2/7
  1379 | D:2      | Reached skill level 5 in Polearms
  1631 | D:2      | Killed from afar by a shadow imp

Levels and vault maps discovered:
D:1:      roderic_chinese_lattice_arrival, layout_rooms
D:2:      layout_basic, first_ration, uniq_natasha, uniq_robin

Skill      XL: |  1  2  3  4 |
---------------+-------------+-----
Dodging        | 3 4 |  4.0
Polearms       | 4 5 |  5.4
Fighting       | 3 |  3.2
Armour         | |  0.6
Spellcasting   | |  2.0
Charms         | |  3.2

Action                   |  1- 3 |  4- 6 || total
-------------------------+-------+-------++-------
Melee: Spear             |   160 |    78 ||   238
 Cast: Infusion          |     4 |       ||     4
       Shroud of Golubri |     1 |       ||     1
       Spectral Weapon   |       |     2 ||     2
  Eat: Chunk             |     2 |     1 ||     3
Armor: Leather armour    |    19 |    21 ||    40
Dodge: Dodged            |    79 |    42 ||   121

Table legend:
 A = Non-vault XP
 B = Vault XP
 C = Vault XP percentage of total XP
 D = Non-vault monster count
 E = Vault monster count
 F = Vault count percentage of total count
                 A         B        C        D         E       F
            +---------+---------+-------+---------+---------+-------
      Total |     119 |      32 |  21.2 |      44 |      11 |  20.0
            +---------+---------+-------+---------+---------+-------
        D:1 |      61 |       0 |   0.0 |      32 |       0 |   0.0
        D:2 |      58 |      32 |  35.6 |      12 |      11 |  47.8
            +---------+---------+-------+---------+---------+-------
